 Dungeon Crawl Stone Soup version 0.29.1-13-g9f3cf754e1 (webtiles) character file.

Game seed: 7925485342051634701

232 bjubeck the Trooper (level 5, 0/48 HPs)
             Began as a Minotaur Fighter on Feb 2, 2023.
             Killed from afar by Natasha (13 damage)
             ... with a bolt of dispelling energy
             ... on level 3 of the Dungeon.
             The game lasted 00:05:37 (2759 turns).

bjubeck the Trooper (Minotaur Fighter)              Turns: 2759, Time: 00:05:37

Health: 0/48       AC:  7    Str: 29    XL:     5   Next: 73%
Magic:  4/4        EV:  9    Int:  5    God:
Gold:   170        SH:  4    Dex:  9    Spells: 4/4 levels left

rFire   . . .      SeeInvis .   a - +0 war axe
rCold   . . .      Faith    .   c - +0 buckler
rNeg    . . .      Spirit   .   b - +0 scale mail
rPois   .          Reflect  .   (helmet restricted)
rElec   .          Harm     .   (no cloak)
rCorr   .          Rampage  .   (no gloves)
Will    .....                   (no boots)
Stlth   ..........              (no amulet)
HPRegen 0.16/turn               q - +6 ring of strength
MPRegen 0.09/turn               (no ring)

@: invisible (expiring)
A: horns 2, retaliatory headbutt
a: no special abilities


You were on level 3 of the Dungeon.
You visited 1 branch of the dungeon, and saw 3 of its levels.

You collected 170 gold pieces.

Inventory:

Hand Weapons
 a - a +0 war axe (weapon)
Armour
 b - a +0 scale mail (worn)
 c - a +0 buckler (worn)
Jewellery
 o - a ring of protection from fire
 q - a +6 ring of strength (left hand)
Wands
 r - a wand of iceblast (11)
Scrolls
 e - a scroll of noise {unknown}
 h - a scroll of enchant armour {unknown}
 i - a scroll of poison {unknown}
 j - 2 scrolls of teleportation {unknown}
 l - a scroll of summoning {unknown}
 p - a scroll of identify {unknown}
Potions
 d - a potion of might
 f - a potion of berserk rage {unknown}
 g - a potion of lignification {unknown}
 k - 2 potions of invisibility
 m - 2 potions of curing {unknown}
 n - 2 potions of cancellation {unknown}
 s - a potion of magic {unknown}


   Skills:
 * Level 5.4 Fighting
 * Level 4.5 Axes
 + Level 4.5 Armour
 + Level 4.6 Shields


You had 4 spell levels left.
You didn't know any spells.
Your spell library contained the following spells:

 Spells                   Type           Power      Damage    Failure   Level
 Beastly Appendage        Tmut           0%         N/A       82%         1
 Wereblood                Tmut           0%         N/A       91%         2
 Spider Form              Tmut/Pois      0%         N/A       99%         3


Dungeon Overview and Level Annotations

Branches:
Dungeon (3/15)

Altars:
Uskayaw

Shops:
D:2 =

Annotations:
D:3 Natasha


Innate Abilities, Weirdness & Mutations

You have a pair of horns on your head.
You reflexively headbutt those who attack you in melee.


Message History

Found a scale mail.
The worm barely misses you. You furiously retaliate!
You headbutt the worm! You slash the worm!
You kill the worm!
No target in view!
There is an open door here.
There is an open door here.
Natasha, Servant of Life and Death comes into view.
She is carrying a wand of quicksilver (11).
Natasha hisses angrily.
Natasha stares at you and mumbles some strange words.
You feel yourself slow down.
Natasha wildly gestures.
You feel troubled. Natasha barely misses you.
Natasha zaps a wand.
The bolt of dispelling energy hits you!
Your magical effects are unravelling.
You hit Natasha. Your headbutt misses Natasha.
Natasha is lightly wounded.
You feel yourself speed up.
Natasha zaps a wand.
The bolt of dispelling energy misses you.
Natasha claws you.
You barely miss Natasha.
Natasha is lightly wounded.
Natasha zaps a wand.
The bolt of dispelling energy hits you!!
You completely miss Natasha. You headbutt Natasha, but do no damage.
Natasha is lightly wounded.
Natasha closely misses you. Natasha casts a spell at you.
The magic dart hits you.
* * * LOW HITPOINT WARNING * * *
You feel stronger.
q - a +6 ring of strength (left hand)
You fade into invisibility!
Natasha claws you.
* * * LOW HITPOINT WARNING * * *
Natasha zaps a wand.
The bolt of dispelling energy hits you!
Your magical effects are unravelling.
You die...

......# ######.#### ......#
#.........# . ......# #.........#
.. ......# #.........# ##### ..
.. ##...#####.........# #...# ...
.. ##...#.............# #...#....
.. .....#....#####.#### #...#....
.. .....'.............###......#
######..........@..........(#
..## ##..#....h#...###......#
...####..#..................#
......#..#.....######.......#
...(#....##'#.#.....#.......#
....##...##.#.#.###...........
....##...##.#....<......#......##
....###.....#....###....#........
......#..##......................


You could see Natasha.

Vanquished Creatures
  A phantom (D:3)
  Ijyb (D:3)
  Natasha (D:3)
  2 adders (D:2)
  A worm (D:3)
  5 dart slugs
  4 bats
  9 endoplasms
  3 giant cockroaches (D:2)
  10 goblins
  9 hobgoblins
  7 jackals
  A ball python (D:1)
  5 frilled lizards
  6 kobolds
  9 rats
74 creatures vanquished.

Notes
Turn   | Place    | Note
-------+----------+-------------------------------------------
     0 | D:1      | bjubeck the Minotaur Fighter began the quest for the Orb.
     0 | D:1      | Reached XP level 1. HP: 19/19 MP: 0/0
    56 | D:1      | Reached XP level 2. HP: 27/27 MP: 1/1
    67 | D:1      | Reached skill level 4 in Fighting
   319 | D:1      | Reached XP level 3. HP: 33/33 MP: 2/2
   470 | D:1      | Found a faded altar of an unknown god.
  1078 | D:2      | Found a hide-covered altar of Uskayaw.
  1316 | D:2      | Found Jysoq's Jewellery Boutique.
  1475 | D:2      | Reached XP level 4. HP: 35/41 MP: 3/3
  2123 | D:3      | Noticed Natasha
  2134 | D:3      | Killed Natasha
  2458 | D:3      | Noticed a phantom
  2475 | D:3      | Killed a phantom
  2476 | D:3      | Reached skill level 5 in Fighting
  2476 | D:3      | Reached XP level 5. HP: 41/48 MP: 4/4
  2552 | D:3      | Noticed Ijyb
  2564 | D:3      | Killed Ijyb
  2750 | D:3      | Noticed Natasha
  2759 | D:3      | Killed from afar by Natasha

Illustrated notes

Levels and vault maps discovered:
D:1:      giann_horns, layout_basic, hellmonk_ecumenical_altar_zigzags
D:2:      layout_loops_corners, basic_altar, serial_shops,
          nicolae_shop_competitors_out_of_business
D:3:      layout_basic, uniq_ijyb, uniq_natasha

Skill      XL: |  1  2  3  4 |
---------------+-------------+-----
Fighting       | 4 5 |  5.4
Axes           | 3 4 |  4.5
Shields        | 4 |  4.6
Armour         | 4 |  4.5

Action                   |  1- 3 |  4- 6 || total
-------------------------+-------+-------++-------
Melee: War axe           |    93 |    59 ||   152
       Headbutt          |    10 |     9 ||    19
  Use: Potion            |       |     1 ||     1
Armor: Scale mail        |    43 |    23 ||    66
Dodge: Dodged            |    45 |    22 ||    67
Block: Buckler           |    16 |     7 ||    23
